[Event "Early-Titled-Tuesday-Blitz-March-26-2024"]
[Site "Chess.com"]
[Date "2024.03.26"]
[Round "2"]
[White "the_chess_child"]
[Black "SashaKuzhilniy"]
[Result "1/2-1/2"]
[WhiteElo "2875"]
[BlackElo "2601"]
[TimeControl "180+1"]
[EndTime "8:18:56 PDT"]
[Termination "Game drawn by stalemate"]

1. e4 c6 2. d3 d5 3. Nd2 e5 4.
Ngf3 Qc7 5. g3 Nf6 6. Bg2 dxe4 7. dxe4 Be6 8. O-O h6 9. h3 Nbd7 10. b3 Bc5 11. Bb2 O-O 12. Qe2 b5 13. a4 a6 14. Nh4 Rfe8 15. Kh1 Nb6 16. f4 Bd6 17. Ndf3 Nh5 18. Kh2 exf4 19. e5 Be7 20. gxf4 Nxf4 21.
Qf2 Nxg2 22. Nxg2 bxa4 23. Nf4 Nd5 24. Nh5 Bf8 25. Rg1 Kh8 26. Rxa4 Qb6 27. Qg3 g6 28. Nf4 Nxf4 29. Rxf4 Bg7 30. Nh4 g5 31. Nf5 Bxf5 32. Rxf5 Rad8 33. Rxf7 Rd2+ 34. Kh1 Qd8 35. Qf3 Qd5 36.
Qxd5 cxd5 37. Ra1 Rxc2 38. Bd4 Rd2 39. Bc3 Rd3 40. Bb2 Rxh3+ 41. Kg2 Rxb3 42. Bd4 Rd3 43. Ra4 Bxe5 44. Bxe5+ Rxe5 45. Rxa6 Re8 46. Rxh6+ Kg8 47. Rf2 Rde3 48. Rg6+ Kh7 49. Rxg5 R3e5 50. Rg3 R8e6 51.
Kg1 Rg6 52. Rh2+ Kg7 53. Rxg6+ Kxg6 54. Kf1 Kf5 55. Rf2+ Ke4 56. Re2+ Kd4 57. Rxe5 Kxe5 58. Ke1 Kd4 59. Kd2 Kc4 60. Kc2 Kd4 61. Kd2 Ke4 62.
Ke2 Ke5 63. Ke3 Kd6 64. Kd4 Kc6 65. Kd3 Kc5 66. Kc3 d4+ 67. Kd3 Kd5 68. Kd2 Kc4 69. Kc2 d3+ 70. Kd2 Kd4 71. Kd1 Kc3 72. Kc1 d2+ 73. Kd1 Kd3 1/2-1/2

[Event "Early-Titled-Tuesday-Blitz-March-26-2024"]
[Site "Chess.com"]
[Date "2024.03.26"]
[Round "2"]
[White "Art10ECHR"]
[Black "Dr_Thomas_Quilter"]
[Result "1-0"]
[WhiteElo "2475"]
[BlackElo "2126"]
[TimeControl "180+1"]
[EndTime "8:18:58 PDT"]
[Termination "Art10ECHR won by resignation"]

1. d4 d5 2. c4 e6 3. Nc3 c5 4.
Nf3 cxd4 5. Nxd4 e5 6. Nf3 d4 7. Ne4 Nc6 8. e3 Bg4 9. exd4 Nxd4 10. Qa4+ Bd7 11. Qd1 Bg4 12. Be2 Bb4+ 13. Bd2 Bxd2+ 14. Nexd2 Nxe2 15. Qxe2 Ne7 16. Qxe5 O-O 17. O-O Ng6 18. Qe4 Bxf3 19. Nxf3 Re8 20. Qxb7 Qf6 21. Rae1 Nf4 22. b3 a5 23. g3 Nd3 24. Rd1 Rab8 25. Qd5 Nb4 26.
Qh5 g6 27. Qg4 h5 28. Qf4 Qxf4 29. gxf4 Nxa2 30. Nd4 Nc3 31. Rd3 Rbd8 32. Rxc3 Rxd4 33. Rf3 a4 34. bxa4 Rxc4 35. Ra1 Ra8 36. a5 Ra6 37. f5 Rc5 38. fxg6 fxg6 39. Rfa3 Kf7 40. Kf1 Kf6 41. Ke2 Rd5 42. Ra4 Kf5 43. R1a3 g5 44. h3 h4 45. Kf3 Rb5 46. Ke3 Rb1 47. Kd4 Rc1 48. Kd5 Rd1+ 49. Kc5 Rc1+ 50. Kb5 Rcc6 51. Rf3+ Kg6 52. Rd3 Kf5 53. Rd5+ Kg6 54. Rc5 Rf6 55. Rd4 Ra8 56. Rdd5 Rxf2 57. Rxg5+ Kf6 58. Rh5 Rb2+ 59.
Kc6 Rc8+ 60. Kd7 Rxc5 61. Rxc5 Ra2 62. Kc7 Ke6 63. Kb6 Kd6 64. Rc4 Rb2+ 65. Ka6 Kd5 66. Rxh4 Rb8 67. Rh6 Ke5 68. Ka7 Rg8 69. a6 Kf5 70.
Kb6 Kg5 71. Rc6 Rb8+ 72. Kc7 1-0

[Event "Early-Titled-Tuesday-Blitz-March-26-2024"]
[Site "Chess.com"]
[Date "2024.03.26"]
[Round "2"]
[White "Abund"]
[Black "Chess_Gainz"]
[Result "1-0"]
[WhiteElo "2812"]
[BlackElo "2559"]
[TimeControl "180+1"]
[EndTime "8:18:59 PDT"]
[Termination "Abund won on time"]

1. d4 d6 2. c4 e5 3. Nf3 e4 4.
Ng5 f5 5. h4 Be7 6. g3 Nf6 7.
Nc3 O-O 8. Bg2 c6 9. Nh3 Na6 10. Nf4 Nc7 11. b3 d5 12. a3 Ne6 13. Nxe6 Bxe6 14. c5 Nh5 15. Bh3 Qd7 16. e3 Nf6 17. Bd2 Ng4 18. Ne2 h6 19. h5 Bf7 20. Bxg4 fxg4 21.
Nf4 Bg5 22. Qe2 a5 23. O-O-O b6 24. Kb2 bxc5 25. dxc5 Bf6+ 26. Bc3 Bxc3+ 27. Kxc3 Rfb8 28. Rd4 Rb5 29. Rb1 Rxc5+ 30. Kb2 Rb8 31. Ka1 Rcb5 32.
Qc2 Qd6 33. Ra4 c5 34. Qc3 d4 35. exd4 cxd4 36. Qxd4 Rxb3 37. Rxb3 Qxd4+ 38. Rxd4 Rxb3 39. a4 Rf3 40. Rxe4 Rxf2 41. Re5 Ra2+ 42. Kb1 Rxa4 43.
Rc5 Ra3 44. Ne2 Re3 45. Nd4 Rxg3 46. Rxa5 Rd3 47. Nf5 Rd8 48. Kb2 Bxh5 49. Ne7+ Kf7 50. Nc6 Rd6 51. Ne5+ Ke6 52. Nc4 Rd4 53. Kc3 Rd5 54.
Ra6+ Ke7 55. Ra7+ Kf8 56. Ne3 Rd8 57. Nf5 Rc8+ 58. Kd4 Bf7 59. Nd6 Rd8 60. Ke5 h5 61.
Nxf7 Kg8 62. Nxd8 g3 63. Ne6 g2 64. Ra1 h4 65. Nf4 h3 66. Nxh3 1-0

[Event "Early-Titled-Tuesday-Blitz-March-26-2024"]
[Site "Chess.com"]
[Date "2024.03.26"]
[Round "2"]
[White "Practical-Play"]
[Black "Kacparov"]
[Result "1/2-1/2"]
[WhiteElo "2522"]
[BlackElo "2898"]
[TimeControl "180+1"]
[EndTime "8:19:00 PDT"]
[Termination "Game drawn by repetition"]

1. e4 c5 2. c3 d6 3. d4 Nf6 4.
Bd3 Nc6 5. Ne2 e5 6. d5 Ne7 7. O-O Ng6 8. Nd2 Be7 9. Re1 O-O 10. Nf1 Rb8 11. a3 b5 12. Ne3 a5 13. a4 bxa4 14. Qxa4 Ra8 15. Ng3 Bd7 16. Bb5 Bxb5 17. Qxb5 Qc7 18.
Nc4 Rfb8 19. Qa4 Nd7 20. Nf5 Nb6 21. Nxb6 Qxb6 22. g3 Qb3 23. Qd7 Bf8 24. Nxd6 Bxd6 25. Qxd6 Qb5 26. h4 Rd8 27. Qc6 Qxc6 28. dxc6 Ne7 29.
Be3 Nxc6 30. Bxc5 a4 31. Ra2 f6 32. Rea1 Rab8 33. Rxa4 Rxb2 34. Ra6 Rc8 35. Be3 h5 36.
Ra8 Rbb8 37. Rxb8 Rxb8 38. Ra6 Rc8 39. c4 Kf7 40. c5 Ke6 41. Kf1 Kd7 42. Ke2 Rb8 43. Rb6 Ra8 44. Rb7+ Ke6 45. Rxg7 Ra2+ 46. Kd3 Ne7 47. Kc4 Rc2+ 48. Kb3 Re2 49. Rh7 f5 50.
Rh6+ Kd7 51. exf5 Nxf5 52. Rxh5 Ke6 53. Kc4 Nxe3+ 54. fxe3 Rxe3 55. g4 Re4+ 56. Kd3 Rxg4 57. c6 Kd6 58. Rh6+ Kc7 59. h5 Rh4 60. Ke3 Kb6 61. Kf3 Kc7 62. Kg3 Rh1 63. Kg4 e4 64. Kf4 Rh4+ 65. Ke3 Kb6 66. Kd4 Kc7 67. Kc5 e3 68.
Rh7+ Kd8 69. Kd6 Rd4+ 70. Kc5 Rd1 71. Rh8+ Kc7 72. Rh7+ Kd8 73. Rh8+ Kc7 74. Rh7+ Kd8 1/2-1/2

[Event "Early-Titled-Tuesday-Blitz-March-26-2024"]
[Site "Chess.com"]
[Date "2024.03.26"]
[Round "2"]
[White "Joachim100x"]
[Black "Kapitan_Bayan"]
[Result "1-0"]
[WhiteElo "2517"]
[BlackElo "2276"]
[TimeControl "180+1"]
[EndTime "8:19:00 PDT"]
[Termination "Joachim100x won by checkmate"]

1. e4 c5 2. Nf3 d6 3. d4 cxd4 4. Nxd4 Nf6 5. Nc3 a6 6. f4 e5 7. Nf3 Nbd7 8. Bd3 Qb6 9. Qe2 Be7 10. Rb1 O-O 11. Be3 Qc7 12. O-O exf4 13. Bxf4 Ne5 14.
Nxe5 dxe5 15. Bg3 Bg4 16. Qe1 Be6 17. Kh1 Rac8 18. Bh4 Ng4 19. Bxe7 Qxe7 20. h3 Nf6 21. Qh4 b5 22. a3 Rc7 23. Qg3 Nd7 24. Rbe1 Rfc8 25.
Nd5 Bxd5 26. exd5 Re8 27. Rd1 Qd6 28. Bxh7+ Kxh7 29. Rxf7 Qg6 30. Qh4+ Kg8 31. d6 Rb7 32. Re7 Rd8 33. Rxg7+ Kxg7 34. Qxd8 Qh5 35. Rf1 Qg6 36.
Qe7+ Kh6 37. Kh2 Nc5 38. Qh4+ Kg7 39. Rf3 Rd7 40. Rg3 Qxg3+ 41. Qxg3+ Kf6 42. Qf2+ Ke6 43. Qxc5 Rxd6 44. c4 bxc4 45. Qxc4+ Ke7 46. h4 Rh6 47.
Kh3 Kf6 48. g4 Ke7 49. g5 Rh8 50. Kg4 Kd6 51. g6 Rh6 52. Kg5 Rh8 53. g7 Rd8 54.
g8=Q Rxg8+ 55. Qxg8 e4 56. Kf4 e3 57. Kxe3 Kc5 58.
Qb3 a5 59. a4 Kc6 60. Qb5+ Kc7 61. Qxa5+ Kd7 62. Qb6 Ke7 63. Kf4 Kd7 64. Ke5 Kc8 65.
Qa7 Kd8 66. Ke6 Kc8 67. Kd6 Kd8 68. Qd7# 1-0

[Event "Early-Titled-Tuesday-Blitz-March-26-2024"]
[Site "Chess.com"]
[Date "2024.03.26"]
[Round "2"]
[White "Sanan_Sjugirov"]
[Black "jk13"]
[Result "1/2-1/2"]
[WhiteElo "3016"]
[BlackElo "2703"]
[TimeControl "180+1"]
[EndTime "8:19:01 PDT"]
[Termination "Game drawn by repetition"]

1. d4 Nf6 2. c4 e6 3. Nf3 Bb4+ 4. Nbd2 O-O 5. a3 Be7 6. e3 d5 7. Be2 b6 8. O-O c5 9. cxd5 exd5 10. b3 Bb7 11. Bb2 Re8 12. Rc1 Nbd7 13. Ne5 Bd6 14. Ndf3 a6 15. Nxd7 Nxd7 16. dxc5 bxc5 17. b4 cxb4 18.
axb4 Nf6 19. Qb3 Ne4 20. Rfd1 Qe7 21. b5 a5 22. Qa4 Bb4 23. Bd4 Rec8 24. b6 Qe6 25. Qb3 Qe7 26. Bd3 a4 27. Rxc8+ Bxc8 28. Qxd5 Bb7 29. Qc4 a3 30. Ba1 Bc5 31. Bc2 h6 32.
Bxe4 Bxe4 33. b7 Bxb7 34. Qg4 f6 35. Nh4 Kh7 36. Nf5 Qf7 37. h4 Qg6 38. Qxg6+ Kxg6 39. g4 h5 40. Rd7 hxg4 41. Ne7+ Kf7 42. Rxb7 Ke6 43.
Nc6 Kd5 44. Nd4 Kc4 45. Nc2 a2 46. Rc7 Ra5 47. Bd4 f5 48. Rxc5+ Rxc5 49. Bxc5 Kxc5 50. Kf1 Kd5 51. Ke2 Ke4 52. Na1 f4 53. exf4 Kxf4 54. h5 Kg5 55. Ke3 Kxh5 56. Kf4 Kh4 57. Nb3 Kh3 58. Na1 Kg2 59. Ke3 g3 60. fxg3 Kxg3 61. Ke2 Kf4 62. Kf2 Ke4 63. Ke2 Kd4 64. Kd2 Kc4 65. Kc2 g5 66. Kb2 g4 67. Nc2 Kd3 68.
Ne1+ Ke2 69. Ng2 Kf2 70. Nh4 Kg3 71. Ng6 Kf2 72. Nh4 g3 73. Kxa2 Ke3 74. Kb2 Kf4 75. Kc2 Kg4 76. Ng2 Kf3 77. Nh4+ Kg4 78. Ng2 Kf3 79.
Nh4+ Kg4 1/2-1/2

[Event "Early-Titled-Tuesday-Blitz-March-26-2024"]
[Site "Chess.com"]
[Date "2024.03.26"]
[Round "2"]
[White "Staudenhocker43"]
[Black "twitchTriniCupid"]
[Result "1-0"]
[WhiteElo "2535"]
[BlackElo "2331"]
[TimeControl "180+1"]
[EndTime "8:19:02 PDT"]
[Termination "Staudenhocker43 won on time"]

1. d4 Nf6 2. Nf3 d5 3. Nbd2 Bf5 4. c4 e6 5. Qb3 b6 6. Nh4 Bg6 7. Nxg6 hxg6 8. g3 Nc6 9. e3 Qd7 10. Bg2 Bb4 11. O-O O-O 12. a3 Bd6 13. Qc2 a5 14. b3 Rac8 15. Bb2 Na7 16. c5 Be7 17. b4 Rb8 18.
Rfc1 Rfc8 19. Bf1 c6 20. cxb6 Rxb6 21. bxa5 Rbb8 22. Bc3 c5 23. dxc5 Rxc5 24. Qd1 Rbc8 25. Bb4 Rxc1 26. Rxc1 Nc6 27. Bb5 Bxb4 28. axb4 Qd6 29.
Bxc6 Rxc6 30. Rxc6 Qxc6 31. Qa1 Qa6 32. Nb3 g5 33. Nc5 Qe2 34. a6 Ng4 35. Qf1 Qa2 36.
b5 Ne5 37. b6 Nc6 38. a7 Kf8 39. Qb5 Nxa7 40. bxa7 Qxa7 41. Kg2 Kg8 42. Nd3 Kh7 43.
Qb3 Qe7 44. Qc2 Kg8 45. Ne5 Qf6 46. Qc8+ Kh7 47. Nf3 g6 48. h3 e5 49. Qg4 e4 50.
Nxg5+ Kg7 51. Qf4 Qe7 52. h4 f6 53. Nh3 Qe6 54. g4 Qd7 55. g5 f5 56. Ng1 Qb5 57. Qe5+ Kh7 58. Nh3 Qe2 59. Qf4 Qd3 60. Qg3 d4 61.
Nf4 Qd2 62. exd4 Qxd4 63. Qe3 Qd6 64. Qa7+ Kg8 65. Kg3 Qe5 66. Qb8+ Kg7 67. Qxe5+ 1-0

[Event "Early-Titled-Tuesday-Blitz-March-26-2024"]
[Site "Chess.com"]
[Date "2024.03.26"]
[Round "2"]
[White "FGHSMN"]
[Black "Bilan_Danila"]
[Result "0-1"]
[WhiteElo "2958"]
[BlackElo "2662"]
[TimeControl "180+1"]
[EndTime "8:19:07 PDT"]
[Termination "Bilan_Danila won on time"]

1. c4 c6 2. d4 d5 3. cxd5 cxd5 4. Nc3 Nf6 5. Bf4 Nc6 6. e3 Bf5 7. Qb3 Na5 8. Qa4+ Bd7 9. Qc2 Rc8 10. Nf3 e6 11. Bd3 Nc4 12. O-O Bb4 13. Rac1 Bxc3 14.
bxc3 Bb5 15. Ne5 Nd6 16. Bxb5+ Nxb5 17. c4 dxc4 18. Qa4 a6 19. Rxc4 Nd5 20. Bg3 O-O 21. Rfc1 Ndc3 22. Qc2 Qd5 23. Rc5 Rxc5 24. dxc5 Qxa2 25.
Qxa2 Nxa2 26. Rd1 Nac3 27. Rd7 a5 28. Rxb7 a4 29. Nc4 a3 30. Nxa3 Nxa3 31. c6 Ne2+ 32. Kf1 Nxg3+ 33. hxg3 Nc4 34. c7 Nd6 35. Rb8 Nc8 36.
Ke2 f6 37. Kd3 Kf7 38. Rb4 Ke7 39. Rh4 h6 40. Rd4 Nd6 41. Rg4 g5 42. Rb4 Rc8 43.
Rb1 Rxc7 44. Rh1 Nf7 45. f4 Rd7+ 46. Ke2 f5 47. Kf3 Kf6 48. Rc1 Kg6 49. Rc2 Nd6 50.
Rc6 Kf6 51. Ra6 Ne4 52. g4 Nd6 53. gxf5 exf5 54. g4 gxf4 55. exf4 Ke6 56. gxf5+ Kxf5 57. Ra5+ Kf6 58. Kg4 Nf7 59. Ra6+ Kg7 60. Kh5 Rd5+ 61. Kg4 Rd6 62. Ra8 Rf6 0-1

[Event "Early-Titled-Tuesday-Blitz-March-26-2024"]
[Site "Chess.com"]
[Date "2024.03.26"]
[Round "2"]
[White "LikeWater"]
[Black "Oleksandr_Bortnyk"]
[Result "0-1"]
[WhiteElo "2705"]
[BlackElo "3080"]
[TimeControl "180+1"]
[EndTime "8:19:10 PDT"]
[Termination "Oleksandr_Bortnyk won on time"]

1. c4 Nf6 2. Nf3 b6 3. g3 Bb7 4. Bg2 g6 5. d4 Bg7 6. O-O O-O 7.
d5 Na6 8. Nc3 Nc5 9. Nd4 e5 10.
Nc2 a5 11. e4 Ne8 12. Be3 Nd6 13. b3 f5 14. f3 Qe7 15. Qd2 a4 16. Rab1 axb3 17.
axb3 f4 18. Bf2 h5 19. Qe2 Ba6 20. Nb4 Bb7 21. Nc2 Kh7 22. b4 Na4 23. Nxa4 Rxa4 24. c5 Nf7 25. Ra1 Rfa8 26. Qb5 fxg3 27. hxg3 Ra2 28. Qc4 b5 29. Qxa2 Rxa2 30. Rxa2 h4 31. gxh4 Bf6 32. Ra7 Nd8 33. Ne3 Bxh4 34. Ng4 Bxf2+ 35.
Kxf2 Qg5 36. Ne3 Kg7 37. Rh1 Qf4 38. Bf1 Nf7 39. Rg1 Nd8 40. Bxb5 Qh4+ 41. Ke2 Qh2+ 42. Rg2 Qh1 43. c6 dxc6 44. dxc6 Bxc6 45. Bxc6 Ne6 46.
Bd5 Nf4+ 47. Kd2 Nxg2 48. Rxc7+ Kf6 49. Rf7+ Kg5 50. Nxg2 Qxg2+ 51. Kc3 Qe2 52. Bc4 Qe3+ 53. Kc2 Qd4 54. Kb3 Qd1+ 55. Kc3 Qa1+ 56. Kb3 Qb1+ 57. Kc3 Kh4 58. b5 g5 59. Rf5 g4 60.
fxg4 Qxe4 61. Rf7 Qd4+ 62. Kb3 e4 63. Rf1 Qd2 64. g5 e3 65. Rh1+ Kxg5 0-1

[Event "Early-Titled-Tuesday-Blitz-March-26-2024"]
[Site "Chess.com"]
[Date "2024.03.26"]
[Round "2"]
[White "moro182"]
[Black "AquivaRubinstein"]
[Result "1-0"]
[WhiteElo "2886"]
[BlackElo "2598"]
[TimeControl "180+1"]
[EndTime "8:19:15 PDT"]
[Termination "moro182 won by checkmate"]

1. d4 Nf6 2. Bf4 d6 3. Nf3 g6 4. e3 Bg7 5. h3 O-O 6. c3 c5 7. Be2 Be6 8. Nbd2 Qb6 9. Qc2 cxd4 10. exd4 Nc6 11. O-O Rac8 12. Bh2 Nxd4 13. Nxd4 Qxd4 14. Rfe1 Bf5 15. Qxf5 Qxd2 16. Qb5 a6 17. Qb3 Rc7 18.
Rad1 Qg5 19. Bf3 h5 20. Qb6 Rd7 21. a4 Rc8 22. Rd4 Qc5 23. Qxc5 Rxc5 24. Rb4 Nd5 25. Rb3 e6 26. Rd1 Be5 27. Bxd5 Rxd5 28. Rxd5 exd5 29.
Rb4 Bxh2+ 30. Kxh2 Re7 31. Kg3 Kg7 32. Rb6 Rd7 33.
Kf3 Kf6 34. Ke3 Ke6 35. Kd4 Rc7 36. b3 h4 37. Rb4 g5 38. g4 f6 39. f3 Rd7 40. a5 Rc7 41. Ra4 Rc5 42. Ra2 Kf7 43.
Ra1 Rb5 44. b4 b6 45. axb6 Rxb6 46. Kxd5 Ke7 47. Ra4 Rb5+ 48. Kd4 Rb6 49. c4 Ke6 50.
Kc3 Rc6 51. Ra5 Rb6 52. b5 axb5 53. cxb5 Kd5 54. Kb4 Kd4 55. Ra3 Rb8 56. Rb3 d5 57. Ra3 Rc8 58. b6 Rc4+ 59. Kb5 Rc1 60. b7 Rb1+ 61.
Kc6 Kc4 62. Ra4+ Kc3 63. Ra5 d4 64. Rb5 Rxb5 65. Kxb5 d3 66. b8=Q d2 67. Qd6 Kc2 68.
Kb4 d1=Q 69. Qxf6 Qd2+ 70. Kc4 Kd1 71. Qd4 Qxd4+ 72. Kxd4 Ke2 73. Ke4 Kf2 74. f4 gxf4 75. Kxf4 Kg2 76. g5 Kxh3 77. g6 Kh2 78. g7 h3 79. g8=Q Kh1 80. Kf3 Kh2 81. Qg3+ Kh1 82. Qxh3+ Kg1 83. Qg2# 1-0

[Event "Early-Titled-Tuesday-Blitz-March-26-2024"]
[Site "Chess.com"]
[Date "2024.03.26"]
[Round "2"]
[White "erugee"]
[Black "Agibileg"]
[Result "0-1"]
[WhiteElo "2338"]
[BlackElo "2741"]
[TimeControl "180+1"]
[EndTime "8:19:15 PDT"]
[Termination "Agibileg won by resignation"]

1. e4 c5 2. Nf3 d6 3. d3 g6 4. Nbd2 Bg7 5. g3 Nc6 6. Bg2 Nf6 7. O-O O-O 8. h3 e5 9. c3 h6 10. a3 Be6 11. b4 b6 12. Re1 Qc7 13. Nc4 Rad8 14. b5 Ne7 15. Qc2 Rfe8 16. a4 Nc8 17. Bb2 Ne7 18. Kh2 g5 19. Nfd2 Ng6 20. Ne3 d5 21. Nf5 Bf8 22. c4 dxe4 23. dxe4 Qd7 24.
Nf3 Nxe4 25. Nxe5 Nxe5 26. Bxe4 Nf3+ 27. Bxf3 Bxf5 28. Qc3 Qd4 29. Qxd4 cxd4 30. Rxe8 Rxe8 31. Bxd4 Rd8 32. Bd5 Be6 33. Bf6 Rd6 34. Be5 Rd8 35.
Bxe6 fxe6 36. a5 Bc5 37. Ra2 Rd1 38. axb6 axb6 39. Kg2 Rc1 40. Ra8+ Kf7 41. Ra7+ Ke8 42.
Rh7 Rc2 43. Kf3 Rxf2+ 44. Kg4 Rc2 45. Rxh6 Rxc4+ 46. Kh5 Re4 47. Bf6 Re3 48. Bxg5 Rxg3 49. Rxe6+ Kd7 50. Rg6 Rxh3+ 51. Kg4 Rb3 52. Rg7+ Ke6 53.
Rg6+ Kd5 54. Kf5 Rxb5 55. Rg8 Kc4 56. Ke4 Rb1 57. Bf4 b5 58. Rg2 Re1+ 59. Kf3 b4 60. Rc2+ Kb5 61. Bd2 Rd1 62. Ke2 Rh1 63. Bf4 b3 64.
Rb2 Kc4 65. Kf3 Bd4 66. Rd2 b2 67.
Rc2+ Kd5 68. Bc1 bxc1=Q 0-1

[Event "Early-Titled-Tuesday-Blitz-March-26-2024"]
[Site "Chess.com"]
[Date "2024.03.26"]
[Round "2"]
[White "DrVelja"]
[Black "Goryachkina"]
[Result "1-0"]
[WhiteElo "3020"]
[BlackElo "2680"]
[TimeControl "180+1"]
[EndTime "8:19:19 PDT"]
[Termination "DrVelja won by resignation"]

1. e4 c5 2. Nf3 Nc6 3. Bb5 g6 4. O-O Bg7 5. Re1 Nf6 6. Bxc6 dxc6 7. d3 O-O 8. h3 Nd7 9. e5 Nb6 10. b3 Nd5 11. Bb2 b6 12. Nbd2 h6 13. Nc4 Be6 14. Qd2 Qd7 15. Rad1 g5 16. Ne3 Nf4 17. h4 f6 18. Kh2 Bg4 19. Ng1 Bxd1 20. Qxd1 Nd5 21.
Nc4 Qf5 22. Qe2 Qf4+ 23. g3 Qf5 24. Nf3 fxe5 25. Kg2 Qg4 26. Bc1 Nf4+ 27. Bxf4 exf4 28. hxg5 fxg3 29. fxg3 hxg5 30. Qe6+ Qxe6 31. Rxe6 g4 32. Nh2 Rf6 33. Rxe7 Rg6 34. Re4 b5 35. Ne3 Rf8 36.
Nhxg4 Bd4 37. Nh2 Rgf6 38. Nhg4 Rg6 39. Re7 Rg7 40. Re6 Kh7 41. Rxc6 Rgf7 42. Re6 c4 43.
dxc4 bxc4 44. bxc4 Bxe3 45. Rxe3 Rf5 46. Re4 Ra5 47. Ne3 Rxa2 48. c5 Rc8 49. Rc4 a5 50. c6 a4 51. Nd5 Rb2 52. c7 Rb7 53. Rxa4 Rb5 54. Rd4 Rc5 55. c4 Kg7 56. Kf3 Kf7 57.
g4 Ke6 58. Re4+ Kd6 59. g5 Rxd5 60. cxd5 Rxc7 61. Kg4 Kxd5 62. Re1 Rc2 63. Kf5 Rf2+ 64. Kg6 1-0

[Event "Early-Titled-Tuesday-Blitz-March-26-2024"]
[Site "Chess.com"]
[Date "2024.03.26"]
[Round "2"]
[White "daika91"]
[Black "Rud_Makarian"]
[Result "1/2-1/2"]
[WhiteElo "2722"]
[BlackElo "3096"]
[TimeControl "180+1"]
[EndTime "8:19:20 PDT"]
[Termination "Game drawn by repetition"]

1. d4 Nf6 2. c4 e6 3. Nf3 d5 4. Nc3 Be7 5. Bg5 Nbd7 6. e3 h6 7. Bh4 c6 8. Rc1 O-O 9. Bd3 dxc4 10. Bxc4 b5 11. Bd3 Bb7 12. O-O Rc8 13. Qe2 a6 14. a4 b4 15. Ne4 Nxe4 16. Bxe7 Qxe7 17. Bxe4 a5 18. Nd2 e5 19. Nb3 exd4 20. exd4 Rfe8 21. Rfe1 Nf6 22. Bh7+ Kf8 23. Qd2 Qc7 24.
Bf5 Rxe1+ 25. Rxe1 Rd8 26. Qc2 g6 27. Bd3 Kg7 28. h3 Rd5 29. Qe2 Bc8 30. Qe7 Rd7 31.
Qe5 Qxe5 32. Rxe5 Nd5 33. Be4 Nf6 34. Bxc6 Rc7 35. Nxa5 Be6 36. d5 Bf5 37. d6 Ra7 38. Rc5 Nd7 39. Bxd7 Bxd7 40. Rc7 Rxa5 41. Rxd7 Rxa4 42.
Rb7 Ra1+ 43. Kh2 Rd1 44. d7 Kf6 45. g4 Ke6 46. Kg3 Rd3+ 47. f3 Rxd7 48. Rxb4 Rd2 49. h4 Kf6 50. Rb6+ Kg7 51. g5 h5 52. b4 Rd4 53. b5 Rb4 54. Rb8 Kh7 55. b6 Kg7 56. f4 Rb3+ 57. Kf2 Kh7 58. Ke2 Kg7 59. Kd2 Rb4 60. Ke3 Kh7 61. Rb7 Kg7 62. Rb8 Kh7 63.
b7 Kg7 64. Kd3 Rb1 65. Kc4 Rc1+ 66. Kd5 Rd1+ 67. Ke4 Rb1 68. f5 Rb4+ 69. Kf3 gxf5 70. Kg3 Rg4+ 71. Kf3 Rb4 72. Kg3 Rb1 73. Kf4 Rb5 74. Kg3 Rb4 75. Kf3 Rb1 76. Kf4 Rb5 77.
Kg3 Rb4 78. Kf3 Rb1 79. Kf4 1/2-1/2

[Event "Early-Titled-Tuesday-Blitz-March-26-2024"]
[Site "Chess.com"]
[Date "2024.03.26"]
[Round "2"]
[White "AlmasRakhmatullaev"]
[Black "Andrei_Belozerov"]
[Result "1-0"]
[WhiteElo "2911"]
[BlackElo "2612"]
[TimeControl "180+1"]
[EndTime "8:19:22 PDT"]
[Termination "AlmasRakhmatullaev won by checkmate"]

1. e4 c5 2. Nf3 Nc6 3. Bb5 g6 4.
Bxc6 bxc6 5. O-O Bg7 6. c3 Nf6 7. Re1 O-O 8. h3 Rb8 9. d4 d5 10. exd5 cxd5 11. Ne5 Bb7 12. dxc5 Ne4 13. Nd3 Ba6 14. Nb4 Bb7 15. Be3 a5 16. Nc2 Qc7 17. Nba3 Rfd8 18. Nb5 Qc6 19. Nbd4 Qc8 20. Nb3 a4 21.
Na5 Ba8 22. Nb4 Nxc5 23. Bxc5 Qxc5 24. Qxa4 d4 25. Nac6 dxc3 26. Nxd8 Rxd8 27. Rac1 Rd2 28. Qe8+ Bf8 29. Rf1 Qxb4 30. Qxa8 cxb2 31. Rb1 e5 32. a4 Kg7 33. a5 Bc5 34. a6 Qd4 35. Kh1 Rxf2 36.
Rxf2 Qxf2 37. Qf3 Qd4 38. Qd1 Qc3 39. Qe2 Bd4 40. Qf1 Qa3 41. Qc4 Qa1 42. Qf1 Qa2 43. Kh2 h5 44. Qd1 h4 45. Qf1 Be3 46. Qd3 Bd4 47. Qe2 Kh7 48. Kh1 Kh6 49. Qf1 Kg7 50.
Qd3 f5 51. Qf1 Qa3 52. Qe1 Kf6 53. Qxh4+ Ke6 54. Qh6 Kf6 55. Qh8+ Kf7 56. Qa8 Qa1 57. Qd5+ Kf6 58. Qc6+ Kg5 59. Qc2 e4 60. Qd2+ Kh5 61.
Qd1+ Kh6 62. Rxa1 bxa1=Q 63. Qxa1 Bxa1 64. a7 Be5 65. a8=Q Bg7 66. Qe8 Kh7 67. g4 fxg4 68.
hxg4 Kh6 69. Qxe4 Kg5 70. Kg2 Kh4 71. Kf3 g5 72. Qh7+ Bh6 73. Qxh6# 1-0

[Event "Early-Titled-Tuesday-Blitz-March-26-2024"]
[Site "Chess.com"]
[Date "2024.03.26"]
[Round "2"]
[White "Sanyura"]
[Black "Hui_Li_Macau"]
[Result "1/2-1/2"]
[WhiteElo "2587"]
[BlackElo "2397"]
[TimeControl "180+1"]
[EndTime "8:19:37 PDT"]
[Termination "Game drawn by stalemate"]

1. Nf3 d5 2. g3 Bg4 3. Bg2 Nd7 4. O-O c6 5. d3 Ngf6 6. Nbd2 e5 7. e4 dxe4 8. dxe4 Be7 9. Qe2 O-O 10. h3 Bxf3 11.
Nxf3 Qc7 12. Rd1 Rfe8 13. Nh4 g6 14. Bh6 Bf8 15. Bxf8 Nxf8 16. Rd2 Rad8 17. Rad1 Ne6 18. c3 Rxd2 19. Rxd2 Rd8 20. Qd1 Rxd2 21. Qxd2 Qd7 22. Qe2 Qd6 23. Nf3 Nc5 24. Nd2 Qd3 25. Qe1 Qc2 26. Nc4 Nd3 27. Qe3 Qb1+ 28. Bf1 Nxb2 29.
Nxe5 Qxe4 30. Qc5 Qd5 31. Qe7 Qe6 32. Qxb7 Qxe5 33. Qxb2 Nd5 34. Qb7 a5 35. Qxc6 Nxc3 36. a3 h5 37. h4 Kg7 38. Qf3 Ne4 39. Bc4 Nf6 40. Qb7 Qe8 41. Qb6 Qe1+ 42. Bf1 Ne4 43.
Qd4+ Kh7 44. Kg2 Nd2 45. Bd3 Qe7 46. Bxg6+ fxg6 47. Qxd2 Qxa3 48. Qd7+ Kg8 49. Qe8+ Kg7 50. Qe5+ Kh7 51. Qf6 Qb4 52. Qf7+ Kh6 53. Qg8 Qe7 54.
Qh8+ Qh7 55. Qd8 Qg7 56. Qxa5 Kh7 57. Qd5 Qf6 58. Qd7+ Kg8 59. Qe8+ Kg7 60. Qe4 Kh7 61. f3 Kg7 62. Kh3 Qf7 63. g4 hxg4+ 64. Kxg4 Qd7+ 65. Kg3 Qd2 66. Qe5+ Kh7 67. Qe7+ Kh6 68. Qf8+ Kh7 69. Qf7+ Kh6 70. Qf4+ Qxf4+ 71. Kxf4 Kh5 72. Kg3 g5 73. hxg5 Kxg5 74. f4+ Kf5 75. Kf3 Kf6 76. Ke4 Ke6 77. f5+ Kf6 78. Kf4 Kf7 79. Kg5 Kg7 80. f6+ Kf7 81. Kf5 Kf8 82. Ke4 Kf7 83. Ke5 Kf8 84. Ke6 Ke8 85. f7+ Kf8 86. Kf6 1/2-1/2

[Event "Early-Titled-Tuesday-Blitz-March-26-2024"]
[Site "Chess.com"]
[Date "2024.03.26"]
[Round "2"]
[White "MatyChess1"]
[Black "Andreikka"]
[Result "0-1"]
[WhiteElo "2645"]
[BlackElo "2959"]
[TimeControl "180+1"]
[EndTime "8:19:48 PDT"]
[Termination "Andreikka won on time"]

1. Nf3 c5 2. e4 e6 3. g3 a6 4. Bg2 b5 5. d4 cxd4 6. Nxd4 Bb7 7. O-O Nc6 8. Nc3 h5 9. Re1 h4 10. Nd5 Rc8 11. Bf4 d6 12. a4 bxa4 13. Rxa4 hxg3 14.
hxg3 Ne5 15. Rb4 Ba8 16. Qa1 exd5 17. exd5 Be7 18. Qxa6 g6 19. Nc6 Bxc6 20. dxc6 Nf6 21. Rb7 O-O 22. b4 Nh5 23. Be3 Bg5 24. Bd4 Bd2 25. Re2 Qg5 26. b5 Rce8 27. Qa3 Bc1 28.
Qb3 Nf6 29. Bxe5 Rxe5 30. Qd3 d5 31. f4 Bxf4 32. gxf4 Qxf4 33. Rxe5 Qxe5 34. c7 Ng4 35. Qf3 Qe1+ 36. Bf1 Qh4 37. Qg2 Ne3 38. Rb8 Nxg2 39. Rxf8+ Kxf8 40. c8=Q+ Kg7 41. Bxg2 Qd4+ 42. Kh1 Qd1+ 43.
Kh2 Qh5+ 44. Qh3 Qe5+ 45. Qg3 Qh5+ 46. Qh3 Qe5+ 47. Qg3 Qh5+ 48. Bh3 Qe2+ 49. Qg2 Qxb5 50. Bg4 Qc4 51. Kh1 Qf4 52. Bf3 d4 53. Be4 Qh4+ 54.
Kg1 Qe1+ 55. Kh2 f5 56. Bd3 Qe5+ 57. Kg1 Kf6 58. Qf2 g5 59. Kf1 Kg6 60. Qg2 Qf4+ 61.
Ke2 g4 62. Qc6+ Kg5 63. Qd7 Qe3+ 64. Kd1 Qg1+ 65. Ke2 Qe3+ 66. Kd1 Qf3+ 67. Kc1 g3 68. Qg7+ Kf4 69. Qh6+ Ke5 70. Qg7+ Kd6 71. Qf6+ Kc5 72. Qe5+ Kc6 73. Qb5+ Kd6 74. Qb6+ Ke7 75. Qc5+ Kf6 76. Qxd4+ Kg6 77. Qd6+ Kh5 0-1